 Dungeon Sprint DCSS version 0.29-a0-789-g7a8fcbc185 (webtiles) character file.

Game seed: 932632775171269939

8969 mhtbhm the Martial Artist (level 11, -7/76 HPs)
             Began as a Spriggan Transmuter on July 3, 2022.
             Was an Initiate of Gozag.
             Killed from afar by an orc sorcerer (34 damage)
             ... with a bolt of fire
             ... in the Dungeon (Sprint IX: "|||||||||||||||||||||||||||||").
             The game lasted 00:03:22 (2459 turns).

mhtbhm the Martial Artist (Spriggan Transmuter)     Turns: 2459, Time: 00:03:22

Health: -7/76      AC:  8    Str: 13    XL:     11   Next: 16%
Magic:  27/27      EV: 17    Int: 17    God:    Gozag
Gold:   4722       SH:  0    Dex: 17    Spells: 23/33 levels left

rFire   x . .      SeeInvis +     - Unarmed
rCold   + + +      Faith    .   (shield currently unavailable)
rNeg    . . .      Spirit   .   (body armour currently unavailable)
rPois   +          Reflect  .   (helmet currently unavailable)
rElec   .          Harm     .   (cloak currently unavailable)
rCorr   .          Rampage  .   (gloves unavailable)
Will    +....      NoTele   +   (boots unavailable)
Stlth   +++++.....              (no amulet)
HPRegen 0.22/turn               k - +3 ring of strength
MPRegen 0.20/turn               l - +3 ring of intelligence

@: ice-form, weakened, wereblooded, studying Summonings
A: freezing attack, amphibious, boosted hp, large, no large weapons, unfitting
armour, see invisible, (speed 3)
a: End Transformation, Renounce Religion, Potion Petition, Call Merchant, Bribe
Branch


You were in the Dungeon.
You worshipped Gozag.
Gozag was most pleased with you.
You were a creature of crystalline ice.
You visited 1 branch You collected 4722 gold pieces.

Inventory:

Armour
 a - a +0 robe (melded)
 j - a +0 cloak (melded)
Jewellery
 k - a +3 ring of strength (left front paw)
 l - a +3 ring of intelligence (right front paw)
Wands
 i - a wand of quicksilver (5)
Scrolls
 b - a scroll of identify
 g - 2 scrolls of amnesia
 h - 3 scrolls of blinking
 o - 6 scrolls of enchant weapon
 p - a scroll of fear
Potions
 c - 8 potions of curing
 d - 2 potions of heal wounds
 e - a potion of haste
 f - 4 potions of magic
 m - a potion of mutation
 n - a potion of brilliance
 q - 2 potions of cancellation


   Skills:
 * Level 10.5 Fighting
 + Level 13.1 Dodging
 + Level 12.1 Stealth
 + Level 14.5 Unarmed Combat
 + Level 11.7 Spellcasting
 + Level 10.5 Transmutations
 + Level 2.9 Ice Magic
 + Level 2.2 Poison Magic
 + Level 2.7 Evocations


You had 23 spell levels left.
You knew the following spells:

 Your Spells              Type           Power      Damage    Failure   Level
a - Beastly Appendage     Tmut           90%        N/A       1%          1
b - Wereblood             Tmut           45%        N/A       1%          2
c - Spider Form           Tmut/Pois      31%        N/A       1%          3
d - Ice Form              Ice/Tmut       32%        N/A       4%          4

Your spell library contained the following spells:

 Spells                   Type           Power      Damage    Failure   Level


Dungeon Overview and Level Annotations

Branches:
Dungeon (1/1)

Altars:
Cheibriados
Dithmenos
Elyvilon
Fedhas
Gozag
Hepliaklqana
Kikubaaqudgha
Makhleb
Nemelex Xobeh
Okawaru
Qazlal
Ru
Sif Muna
Trog
Uskayaw
Vehumet
Wu Jian
Xom
Yredelemnul
Zin
The Shining One
Jiyva
Lugonu


Innate Abilities, Weirdness & Mutations

You are a creature of crystalline ice.
You have a powerful freezing melee attack.
You are amphibious.
Your maximum health is increased.
Your armour is entirely melded.
You are incapable of wielding weapons or throwing items.
You are very small and have problems with some larger weapons.
You are too small for most types of armour.
You have supernaturally acute eyesight. (SInv)
((You cover ground extremely quickly. (Speed+++)))


Message History

You howl as the wereblood boils in your veins!
The orc sorcerer is no longer distracted by gold.
The orange demon stings you! The orange demon hits you.
You feel your attacks grow feeble.
The orc sorcerer is distracted by your dazzling golden aura.
The orc warrior is distracted by your dazzling golden aura.
Unknown command.
Aiming: Quicksilver Bolt
Press: ? - help, Shift-Dir - straight line, f - orange demon
Aim: an orange demon (severely wounded, summoned, 83% to hit)
The bolt of dispelling energy hits the orange demon!!
You kill the orange demon!
The orange demon disappears in a puff of smoke!
The bolt of dispelling energy misses the orc sorcerer.
The bolt of dispelling energy hits the orc warrior!!
The orc warrior is heavily wounded.
The orc warrior is no longer distracted by gold.
The bolt of dispelling energy hits the orc warrior!
The orc warrior is moderately wounded.
The orc warrior is no longer distracted by gold.
The orc sorcerer shouts!
The orc warrior is distracted by your dazzling golden aura.
Unknown command.
You howl as the wereblood boils in your veins!
The orc warrior shouts!
You barely miss the orc sorcerer.
The orc sorcerer is no longer distracted by gold.
You pummel the orc sorcerer!! You freeze the orc sorcerer.
The orc sorcerer is almost dead.
The orc warrior is no longer distracted by gold.
The orc sorcerer barely misses you.
You barely miss the orc sorcerer.
The orc sorcerer is almost dead.
The orc sorcerer misses you.
You closely miss the orc sorcerer.
The orc sorcerer is almost dead.
The orc sorcerer points at you and mumbles some strange words.
The bolt of fire hits you!! The fire burns you terribly!
You die...
Your body crumbles into a pile of gold.

▓_▓.▓.▓.▓'▓
▓_▓.▓.▓.▓$▓
▓_▓.▓.▓.▓$▓
▓_▓.▓.▓.▓$▓
▓_▓.▓'▓.▓$▓
▓_▓.▓.▓.▓$▓
▓_▓.▓.▓.▓$▓
▓_▓.▓.▓.▓$▓
▓_▓.▓.▓.▓Y▓
▓_▓.▓.▓.▓o▓
▓_▓.▓.▓.▓o▓
▓_▓.▓.▓.▓o▓
▓_▓.▓.▓.▓.▓
▓_▓.▓.▓.▓+▓
▓'▓.▓'▓.▓$
▓.▓.▓.▓.▓$
▓.▓.▓.▓.▓$


You could see an orc sorcerer and 2 orc warriors.

Vanquished Creatures
  A catoblepas (D)
  A centaur warrior (D)
  2 orc knights (D)
  An elephant (D)
  A black mamba (D)
  A cane toad (D)
  A torpor snail (D)
  An unseen horror (D)
  A kobold demonologist (D)
  A komodo dragon (D)
  3 tengu conjurers (D)
  An efreet (D)
  A troll (D)
  A hornet (D)
  A basilisk (D)
  2 yaks (D)
  3 wargs (D)
  An acid dragon (D)
  4 water moccasins (D)
  2 hell hounds (D)
  8 orc warriors (D)
  An ice beast (D)
  2 black bears (D)
  4 wolves (D)
  5 bullfrogs (D)
  6 orc priests (D)
  An iguana (D)
  3 orc wizards (D)
  4 orcs (D)
  A jackal (D)
  3 bats (D)
  A kobold (D)
69 creatures vanquished.

Vanquished Creatures (others)
  A bullfrog (D)
1 creature vanquished.

Grand Total: 70 creatures vanquished

Notes
Turn   | Place    | Note
-------+----------+-------------------------------------------
     0 | D        | mhtbhm the Spriggan Transmuter began the quest for the Orb.
     0 | D        | Reached XP level 1. HP: 9/9 MP: 5/5
    16 | D        | Reached skill level 3 in Unarmed Combat
   140 | D        | Noticed an iguana
   140 | D        | Noticed a black bear
   140 | D        | Noticed a water moccasin
   140 | D        | Noticed an ice beast
   140 | D        | Noticed a black bear
   144 | D        | Killed an iguana
   145 | D        | Reached skill level 1 in Stealth
   145 | D        | Reached skill level 4 in Unarmed Combat
   145 | D        | Reached XP level 2. HP: 5/14 MP: 5/8
   145 | D        | Reached XP level 3. HP: 6/17 MP: 5/9
   387 | D        | Learned a level 2 spell: Wereblood
   391 | D        | Learned a level 3 spell: Spider Form
   401 | D        | Killed a black bear
   402 | D        | Reached skill level 5 in Dodging
   402 | D        | Reached skill level 5 in Unarmed Combat
   402 | D        | Reached XP level 4. HP: 17/23 MP: 3/11
   423 | D        | Killed a water moccasin
   424 | D        | Reached skill level 7 in Unarmed Combat
   424 | D        | Reached skill level 5 in Spellcasting
   424 | D        | Reached skill level 5 in Transmutations
   424 | D        | Reached skill level 1 in Poison Magic
   424 | D        | Reached XP level 5. HP: 24/29 MP: 5/14
   428 | D        | Killed an ice beast
   429 | D        | Reached XP level 6. HP: 32/34 MP: 5/16
   433 | D        | Reached skill level 8 in Unarmed Combat
   694 | D        | Found a snail-covered altar of Cheibriados.
   694 | D        | Found a shadowy altar of Dithmenos.
   694 | D        | Found a white marble altar of Elyvilon.
   694 | D        | Found a blossoming altar of Fedhas.
   694 | D        | Found an opulent altar of Gozag.
   695 | D        | Found a hazy altar of Hepliaklqana.
   696 | D        | Found a viscous altar of Jiyva.
   697 | D        | Found an ancient bone altar of Kikubaaqudgha.
   698 | D        | Found a corrupted altar of Lugonu.
   699 | D        | Found a burning altar of Makhleb.
   700 | D        | Found a sparkling altar of Nemelex Xobeh.
   701 | D        | Found an iron altar of Okawaru.
   702 | D        | Found a stormy altar of Qazlal.
   703 | D        | Found a sacrificial altar of Ru.
   704 | D        | Found a shimmering blue altar of Sif Muna.
   708 | D        | Became a worshipper of Gozag Ym Sagoz the Greedy
   712 | D        | Found a bloodstained altar of Trog.
   713 | D        | Found a hide-covered altar of Uskayaw.
   714 | D        | Found a radiant altar of Vehumet.
   715 | D        | Found an ornate altar of the Wu Jian Council.
   716 | D        | Found a shimmering altar of Xom.
   717 | D        | Found a basalt altar of Yredelemnul.
   718 | D        | Found a glowing silver altar of Zin.
   719 | D        | Found a glowing golden altar of the Shining One.
   727 | D        | Found the +8 Vampire's Tooth {vamp}
   740 | D        | Learned a level 4 spell: Ice Form
   758 | D        | Noticed a yak
   758 | D        | Noticed a kobold demonologist
   758 | D        | Noticed an unseen horror
   758 | D        | Noticed a hornet
   758 | D        | Noticed a troll
   760 | D        | Killed a yak
   761 | D        | Reached skill level 5 in Fighting
   761 | D        | Reached XP level 7. HP: 39/39 MP: 11/18
   762 | D        | Noticed a chaos spawn
   767 | D        | Killed a kobold demonologist
   768 | D        | Reached skill level 5 in Stealth
   768 | D        | Reached skill level 9 in Unarmed Combat
   772 | D        | Killed an unseen horror
   773 | D        | Reached XP level 8. HP: 37/45 MP: 13/20
   777 | D        | Killed a hornet
   778 | D        | Reached skill level 10 in Unarmed Combat
   780 | D        | Killed a troll
   781 | D        | Reached skill level 10 in Dodging
   995 | D        | Noticed an efreet
   995 | D        | Noticed a tengu conjurer
   995 | D        | Noticed a tengu conjurer
   995 | D        | Noticed a tengu conjurer
   995 | D        | Noticed a centaur warrior
   999 | D        | Killed an efreet
  1005 | D        | Killed a tengu conjurer
  1006 | D        | Reached skill level 11 in Unarmed Combat
  1006 | D        | Reached XP level 9. HP: 44/50 MP: 16/22
  1010 | D        | Killed a tengu conjurer
  1012 | D        | Killed a tengu conjurer
  1013 | D        | Reached skill level 1 in Ice Magic
  1017 | D        | Killed a centaur warrior
  1018 | D        | Reached skill level 12 in Unarmed Combat
  1354 | D        | Noticed a komodo dragon
  1374 | D        | Noticed a torpor snail
  1387 | D        | Killed a komodo dragon
  1388 | D        | Reached XP level 10. HP: 26/57 MP: 24/24
  1394 | D        | Killed a torpor snail
  1395 | D        | Reached skill level 10 in Stealth
  1605 | D        | Noticed a cane toad
  1605 | D        | Noticed a catoblepas
  1639 | D        | Noticed an elephant
  1652 | D        | Killed a catoblepas
  1653 | D        | Reached skill level 13 in Unarmed Combat
  1653 | D        | Reached skill level 10 in Spellcasting
  1653 | D        | Reached skill level 1 in Evocations
  1653 | D        | Noticed a black mamba
  1986 | D        | Killed a cane toad
  1989 | D        | Killed an elephant
  1992 | D        | Killed a black mamba
  2022 | D        | Reached skill level 10 in Transmutations
  2027 | D        | Reached skill level 10 in Fighting
  2163 | D        | Noticed an orc knight
  2176 | D        | Killed an orc knight
  2177 | D        | Reached skill level 14 in Unarmed Combat
  2188 | D        | Reached XP level 11. HP: 61/63 MP: 24/27
  2417 | D        | Noticed an orc knight
  2426 | D        | Killed an orc knight
  2441 | D        | Noticed an orc sorcerer
  2459 | D        | Killed from afar by an orc sorcerer

Illustrated notes

Levels and vault maps discovered:
D:        linesprint [early_d, line_temple, items_1, d_10, items_2, lair_1,
          lair_end, items_3, orc_1, orc_end, items_4, d_15, swamp_1, shoals_1,
          snake_1, spider_1, d_20, vaults_1, items_5, swamp_end, shoals_end,
          snake_end, spider_end, vaults_end, d_27, items_6, zot_1, zot_end,
          crypt_end, forest_end, elf_end, slime_end, tomb_end, abyss_end,
          pan_hell_end]

Skill      XL: |  1  2  3  4  5  6  7  8  9 10 11 |
---------------+----------------------------------+-----
Dodging        | 4 5 6 7 8 9 10 11 13 | 13.1
Unarmed Combat | 4 5 7 8 9 11 12 14 | 14.5
Spellcasting   | 4 5 6 7 8 9 11 | 11.7
Stealth        | 1 2 3 4 6 7 9 11 12 | 12.1
Transmutations | 3 4 5 6 7 8 9 10 | 10.5
Fighting       | 2 3 4 5 6 7 8 10 | 10.5
Poison Magic   | 1 2 |  2.2
Ice Magic      | 1 2 |  2.9
Evocations     | 2 |  2.7

Action                   |  1- 3 |  4- 6 |  7- 9 | 10-12 || total
-------------------------+-------+-------+-------+-------++-------
Melee: Unarmed           |    29 |    25 |    57 |    97 ||   208
       Headbutt          |     2 |       |       |       ||     2
       Kick              |     1 |       |       |       ||     1
 Cast: Beastly Appendage |     1 |       |       |       ||     1
       Wereblood         |     1 |     1 |     2 |     5 ||     9
       Spider Form       |     1 |       |       |       ||     1
       Ice Form          |       |     1 |     2 |     6 ||     9
Evoke: Wand              |       |       |       |     5 ||     5
  Use: Potion            |     1 |     1 |     1 |     3 ||     6
 Stab: Sleeping          |     1 |     1 |     1 |       ||     3
       Distracted        |       |       |     2 |       ||     2
       Invisible         |       |       |       |     2 ||     2
Armor: Robe              |     3 |       |       |     1 ||     4
       Skin              |     1 |    22 |     9 |     7 ||    39
Dodge: Dodged            |    31 |     6 |    34 |    44 ||   115

Table legend: (Time is in decaauts)
 A = Elapsed time spent in this place.
 B = Non-inter-level travel time spent in this place.
 C = Inter-level travel time spent in this place.
 D = Time resting spent in this place.
 E = Time spent auto-exploring this place.
 F = Levels seen in this place.
 G = Mean time per level.
                   A        B        C        D        E       F      G
               +--------+--------+--------+--------+--------+-----+--------+
         Total |   2333 |   2333 |      0 |   1538 |    302 |   1 | 2333.0 |
       Dungeon |   2333 |   2333 |      0 |   1538 |    302 |   1 | 2333.0 |
               +--------+--------+--------+--------+--------+-----+--------+

Top non-repeatable levels by time:
       D: 2333 daAuts
